 Dungeon Crawl Stone Soup version 0.31.0-32-g396128a36d (webtiles) character file.

Game seed: 8544157179181611097

32 GiantSquids the Chopper (level 3, -13/33 HPs)
             Began as a Hill Orc Berserker on Apr 20, 2024.
             Was a Follower of Trog.
             Engulfed by a cloud of flame (25 damage)
             ... on level 2 of the Dungeon.
             The game lasted 00:02:04 (764 turns).

GiantSquids the Chopper (Hill Orc Berserker)         Turns: 764, Time: 00:02:05

Health: -13/33     AC:  6    Str: 21    XL:     3   Next: 25%
Magic:  3/3        EV: 10    Int:  7    God:    Trog [*.....]
Gold:   11         SH:  0    Dex: 10    Spells: 2/2 levels left

rFire   . . .        a - +0 hand axe
rCold   . . .        (no shield)
rNeg    . . .        d - +0 scale mail
rPois   .            (no helmet)
rElec   .            (no cloak)
rCorr   .            (no gloves)
SInv    .            (no boots)
Will    .....        (no amulet) Stlth
                     (no ring)
HPRegen 0.25/turn    (no ring)
MPRegen 0.08/turn

%: no passive effects
@: no status effects
A: no striking features
a: Renounce Religion, Berserk


You were on level 2 of the Dungeon.
You worshipped Trog.
Trog was aware of your devotion.
You visited 1 branch of the dungeon, and saw 2 of its levels.

You collected 11 gold pieces.

Inventory:

Hand Weapons
 a - a +0 hand axe (weapon)
Missiles
 e - 4 javelins (quivered)
 i - 2 datura-tipped darts
Armour
 d - a +0 scale mail (worn)
Scrolls
 b - a scroll of teleportation {unknown}
 c - a scroll of fog {unknown}
 g - 2 scrolls of immolation
 h - a scroll of fear {unknown}
 j - a scroll of identify {unknown}
Potions
 f - a potion of enlightenment {unknown}
 k - a potion of invisibility {unknown}


   Skills:
 + Level 4.0 Fighting
 * Level 4.9 Axes
 + Level 2.7 Armour
 - Level 1.5 Dodging


You had 2 spell levels left.
You didn't know any spells.
Your spell library was empty.

Dungeon Overview and Level Annotations

Branches:
Dungeon (2/15)

Altars:

Shops:
D:1 =


Message History

A bat is nearby!
A bat is nearby!
You completely miss the bat.
The bat is severely wounded.
The bat hits you but does no damage. x2; The bat completely misses you.
You hit the bat but do no damage.
The bat is heavily wounded.
The bat closely misses you.
You hit the bat.
You kill the bat!
Trog accepts your kill.
No target in view!
You see here a bat corpse.
There is an open door here.
You open the door.
There is an open door here.
You see here a +0 leather armour.
There is an open door here.
You open the door.
There is an open door here.
You see here a +0 leather armour.
You open the door.
There is an open door here.
You see here a +0 sling.
Done exploring.
Done exploring.
There is an escape hatch in the floor here.
You slide downwards.
The hatch slams shut behind you.
Found 15 gold pieces.
As you read the scroll labelled LONUMY HANASI, it crumbles to dust.
The creatures around you are filled with an inner flame!
It was a scroll of immolation.
You hit the bat. Trog accepts your kill.
The bat explodes!
The fiery explosion engulfs you!!
Ouch! That really hurt!
You are engulfed in blazing flames.
Ouch! That really hurt!
You die...

# .#
######.####
#.$.......#
#@# #§# §#§
## #. .# #


There were no monsters in sight!

Vanquished Creatures
  3 dart slugs (D:1)
  An endoplasm (D:1)
  A giant cockroach (D:1)
  A goblin (D:1)
  5 hobgoblins (D:1)
  4 jackals (D:1)
  A ball python (D:1)
  4 bats
  3 frilled lizards (D:1)
  2 kobolds (D:1)
25 creatures vanquished.

Notes
Turn   | Place    | Note
-------+----------+-------------------------------------------
     0 | D:1      | GiantSquids the Hill Orc Berserker began the quest for the
                  | Orb.
     0 | D:1      | Reached XP level 1. HP: 19/19 MP: 1/1
   106 | D:1      | Found Lioru's Jewellery Emporium.
   165 | D:1      | Reached XP level 2. HP: 27/27 MP: 2/2
   379 | D:1      | Reached XP level 3. HP: 30/33 MP: 3/3
   764 | D:2      | Engulfed by a cloud of flame

Illustrated notes

Levels and vault maps discovered:
D:1:      elethiomel_arrival_maze, layout_basic, serial_shops, shop,
          serial_bayou_pond_e, minmay_misc_feat_doors, feat_on_display
D:2:      layout_loops_ring, serial_shops, shop

Skill      XL: |  1  2 |
---------------+-------+-----
Fighting       | 4 |  4.0
Axes           | |  4.9
Armour         | |  2.7
Dodging        | |  1.5

Action                     || total
---------------------------++-------
  Melee: Hand axe          ||    74
    Use: Scroll            ||     1
 Armour: Scale mail        ||    53
  Dodge: Dodged            ||    45
